 Dungeon Crawl Stone Soup version 0.21.1-1-g345015fe64 (webtiles) character file.

880 Gargoyl the Agent of Entropy (level 7, -3/59 HPs)
             Began as a Centaur Abyssal Knight on July 9, 2018.
             Was a Priest of Lugonu.
             Killed by divine providence
             ... invoked by an orc priest
              (9 damage)
             ... on level 4 of the Dungeon.
             The game lasted 00:07:46 (5528 turns).

Gargoyl the Agent of Entropy (CeAK)                 Turns: 5528, Time: 00:07:46

Health: -3/59      AC: 13    Str: 18    XL:     7   Next: 75%
Magic:  10/10      EV:  5    Int: 11    God:    Lugonu [***...]
Gold:   204        SH:  0    Dex: 10    Spells: 6/6 levels left

rFire    + . .     SeeInvis .   n - +0 glaive (flame)
rCold    . . .     Gourm    .   (shield currently unavailable)
rNeg     . . .     Faith    .   d - +2 chain mail {rF+}
rPois    .         Spirit   .   e - +0 helmet
rElec    .         Reflect  .   (no cloak)
rCorr    .         Harm     .   m - +1 pair of gloves
MR       .....                  (no barding)
Stlth    ..........             (no amulet)
HPRegen  0.19/turn              l - +3 ring of strength
MPRegen  0.12/turn              (no ring)

@: very quick
A: large, hooves 3, deformed body, speed 2, tough skin 3
a: Depart the Abyss, Bend Space, Banish, Renounce Religion


You were on level 4 of the Dungeon.
You worshipped Lugonu.
Lugonu was most pleased with you.
You were not hungry.

You visited 1 branch of the dungeon, and saw 4 of its levels.
You visited the Abyss 1 time.
You also visited: Sewer.

You collected 204 gold pieces.

Inventory:

Hand Weapons
 a - a +1 hand axe
 n - a +0 glaive of flaming (weapon)
Missiles
 u - 4 javelins (quivered)
Armour
 d - a +2 chain mail of fire resistance (worn)
 e - a +0 helmet (worn)
 m - a +1 pair of gloves (worn)
Jewellery
 l - a +3 ring of strength (left hand)
Wands
 f - a wand of iceblast (17)
Scrolls
 h - a scroll of teleportation
 i - 2 scrolls of remove curse
 j - 5 scrolls of identify
 p - a scroll of fear {unknown}
 s - a scroll of blinking {unknown}
 t - a scroll of magic mapping
Potions
 b - a potion of curing
 g - a potion of haste {unknown}
 k - a potion of lignification {unknown}
 o - 2 potions of magic {unknown}
 q - a potion of heal wounds {unknown}
 r - 2 potions of invisibility {unknown}
Comestibles
 c - 2 rations


   Skills:
 + Level 4.0 Fighting
 + Level 3.3(4.2) Axes
 + Level 3.8(4.4) Polearms
 * Level 3.8 Armour
 + Level 1.3 Dodging
 * Level 4.3 Invocations


You had 6 spell levels left.
You didn't know any spells.

Dungeon Overview and Level Annotations

Branches:
Dungeon (4/15)
 Temple: D:4-7

Altars:
Ashenzari
Elyvilon
Fedhas
Makhleb
Uskayaw
Wu Jian
The Shining One


Innate Abilities, Weirdness & Mutations

You have hooves in place of feet.
Armour fits poorly on your strangely shaped body.
You cover ground very quickly.
You have extremely tough skin. (AC +3)


Message History

You barely miss the orc priest. You kick the orc priest!
The orc priest is heavily wounded.
You feel sick. Something hits you but does no damage.
The orc wizard closely misses you. The orc hits you but does no damage.
The orc priest hits you but does no damage.
Something hits you but does no damage.
The orc wizard hits you but does no damage.
You are lethally poisoned!
You feel better. The orc hits you but does no damage.
The orc priest hits you but does no damage.
Something hits you but does no damage.
The orc wizard hits you but does no damage.
The orc priest invokes the aid of Beogh against you.
Beogh smites you!
* * * LOW HITPOINT WARNING * * *
The orc priest looks braver for a moment.
You see here a leopard gecko corpse.
The orc priest mumbles some strange prayers to Beogh against you.
Beogh smites you!
You die...

### ##.##
###.####..## #.#
##.## #..####.....
#.###.##
#..###..#... #....##
#..##..###.. #...##
##....###..# #####
#######..## #####
##..### ###...#
##...... #.@...##
##..####.
##.###..####...##...
#####†##
#.......#.#....
#.#.o##
##....###.#....
#...## ######
#....._ #.###o.o#
#.#.... #......#
#.#.... ###..o.#
.##... ##.......#
###.


You could see an orc priest, an orc wizard and an orc.

Vanquished Creatures
  7 big kobolds (Sewer)
  A centaur skeleton (D:4)
  2 iguanas (D:4)
  3 worker ants
  A hound skeleton (D:4)
  4 gnolls (D:4)
  4 adders
  3 river rats (Sewer)
  4 oozes
  7 worms
  4 dart slugs
  6 leopard geckos
  2 giant cockroaches (D:1)
  2 goblins (D:3)
  8 hobgoblins
  6 jackals
  9 ball pythons
  8 bats
  7 frilled lizards
  10 kobolds
  17 rats
115 creatures vanquished.

Notes
Turn   | Place    | Note
-------+----------+-------------------------------------------
     0 | Abyss:1  | Gargoyl the Centaur Abyssal Knight began the quest for the Orb.
     0 | Abyss:1  | Reached XP level 1. HP: 19/19 MP: 2/2
   110 | Abyss:1  | Noticed a large abomination
   127 | Abyss:1  | Noticed a raiju
   129 | Abyss:1  | Noticed a wretched star
   132 | Abyss:1  | Noticed a neqoxec
   135 | Abyss:1  | Noticed an orb spider
   137 | Abyss:1  | Noticed a quasit
   137 | Abyss:1  | Noticed a quasit
   138 | Abyss:1  | Noticed an ettin simulacrum
   152 | Abyss:2  | Noticed a bone dragon
   287 | Abyss:2  | Noticed a spatial maelstrom
   302 | Abyss:2  | Noticed a large abomination
   303 | Abyss:2  | Noticed a spatial vortex
   304 | Abyss:2  | Noticed a starcursed mass
   308 | Abyss:2  | Noticed a spatial vortex
   308 | D:1      | Escaped the Abyss
   424 | D:1      | Noticed an electric eel
   424 | D:1      | Noticed an electric eel
   537 | D:1      | Reached * piety under Lugonu
   833 | D:1      | Reached XP level 2. HP: 23/26 MP: 3/3
  1283 | D:1      | Reached XP level 3. HP: 30/31 MP: 4/4
  1985 | D:2      | Found a burning altar of Makhleb.
  1994 | D:2      | Reached ** piety under Lugonu
  2092 | D:2      | Found a glowing golden altar of the Shining One.
  2092 | D:2      | Found a blossoming altar of Fedhas.
  2098 | D:2      | Found a white marble altar of Elyvilon.
  2101 | D:2      | Found a hide-covered altar of Uskayaw.
  2102 | D:2      | Found a shattered altar of Ashenzari.
  2371 | D:2      | Reached XP level 4. HP: 19/38 MP: 6/6
  2747 | D:3      | Found a faded altar of an unknown god.
  3320 | D:3      | Found a glowing drain.
  3337 | Sewer    | Entered a sewer
  3435 | Sewer    | Reached XP level 5. HP: 27/45 MP: 7/7
  3611 | Sewer    | Reached skill level 1 in Polearms
  3611 | Sewer    | Reached skill level 1 in Dodging
  3732 | Sewer    | Reached XP level 6. HP: 51/51 MP: 8/8
  3866 | Sewer    | Reached XP level 7. HP: 57/58 MP: 9/9
  4254 | D:4      | Reached *** piety under Lugonu
  5270 | D:4      | Found an ornate altar of the Wu Jian Council.
  5528 | D:4      | Killed from afar by an orc priest

Skill      XL: |  1  2  3  4  5  6  7 |
---------------+----------------------+-----
Axes           | 2 3 |  3.3
Armour         | 2 3 |  3.8
Invocations    | 3 4 |  4.3
Polearms       | 1 3 |  3.8
Dodging        | 1 |  1.3
Fighting       | 4 |  4.0

Action                   |  1- 3 |  4- 6 |  7- 9 || total
-------------------------+-------+-------+-------++-------
Melee: Hand axe          |   125 |    40 |       ||   165
       Kick              |    21 |    28 |    24 ||    73
       Glaive            |       |   136 |    88 ||   224
Throw: Javelin           |       |       |     3 ||     3
Invok: Depart the Abyss  |     1 |       |       ||     1
  Use: Scroll            |     7 |       |       ||     7
       Potion            |       |       |     1 ||     1
  Eat: Chunk             |     2 |     2 |     2 ||     6
       Ration            |     1 |       |     1 ||     2
Armor: Chain mail        |   147 |   154 |    99 ||   400
Dodge: Dodged            |    36 |    62 |    31 ||   129
